 Dungeon Crawl Stone Soup version 0.28.0 (webtiles) character file.

Game seed: 16678608574229231052

239 Host24 the Quickloader (level 6, 0/37 HPs)
             Began as a Kobold Hunter on Mar 5, 2022.
             Slain by an adder (2 damage)
             ... on level 4 of the Dungeon.
             The game lasted 00:08:04 (5149 turns).

Host24 the Quickloader (Kobold Hunter)              Turns: 5149, Time: 00:08:04

Health: 0/37       AC:  6    Str: 12    XL:     6   Next: 29%
Magic:  6/6        EV: 14    Int: 12    God:
Gold:   144        SH:  0    Dex: 15    Spells: 5/5 levels left

rFire   . . .      SeeInvis .   s - +0 hand axe (elec)
rCold   . . .      Faith    .   (no shield)
rNeg    . . .      Spirit   .   c - +0 leather armour
rPois   .          Reflect  .   q - +2 helmet
rElec   .          Harm     .   (no cloak)
rCorr   .          Rampage  .   (no gloves)
Will    .....                   (no boots)
Stlth   +++.......              (no amulet)
HPRegen 0.12/turn               (no ring)
MPRegen 0.10/turn               (no ring)

@: lethally poisoned (0 -> -2)
A: small, no large weapons, nightstalker 3
a: no special abilities


You were on level 4 of the Dungeon.
You visited 1 branch of the dungeon, and saw 4 of its levels.

You collected 144 gold pieces.

Inventory:

Hand Weapons
 a - a +1 hand crossbow
 p - a +1 vorpal trident
 s - a +0 hand axe of electrocution (weapon)
Missiles
 d - 32 bolts
 e - 71 stones (quivered)
 f - 22 sling bullets
 i - 5 large rocks
 t - 19 arrows
 u - 6 poisoned darts
Armour
 c - a +0 leather armour (worn)
 q - a +2 helmet (worn)
Jewellery
 b - an amulet of faith
Scrolls
 g - 4 scrolls of identify {unknown}
 h - a scroll of immolation {unknown}
 j - a scroll of fog {unknown}
 k - 4 scrolls of holy word {unknown}
 m - a scroll of vulnerability {unknown}
 v - a scroll of blinking {unknown}
Potions
 l - a potion of flight {unknown}
 n - a potion of berserk rage {unknown}
 o - a potion of cancellation {unknown}
 r - a potion of brilliance {unknown}


   Skills:
 - Level 3.0 Fighting
 + Level 8.0 Crossbows
 - Level 3.0 Dodging
 - Level 1.3 Stealth


You had 5 spell levels left.
You didn't know any spells.
Your spell library was empty.

Dungeon Overview and Level Annotations

Branches:
Dungeon (4/15)
 Temple: D:4-7

Altars:
Hepliaklqana

Annotations:
D:3 2 transporters, Ayyar's ghost, amateur GrFi


Innate Abilities, Weirdness & Mutations

You are small and have problems with some larger weapons.
You are completely attuned to the shadows.


Message History

The adder misses you. The adder barely misses you.
You miss the adder.
The adder is severely wounded.
The adder bites you.
You are poisoned.
The adder poisons you! The adder barely misses you.
You closely miss the adder.
The adder is severely wounded.
You feel sick. The adder bites you. x2
You are more poisoned.
The adder poisons you!
You are too injured to fight recklessly!
You closely miss the adder.
The adder is severely wounded.
* * * LOW HITPOINT WARNING * * *
You feel very sick. The adder bites you but does no damage.
You hear the crackle of electricity.
s - a +0 hand axe of electrocution (weapon)
* * * LOW HITPOINT WARNING * * *
You feel sick. The adder closely misses you.
You miss the adder.
The adder is severely wounded.
* * * LOW HITPOINT WARNING * * *
You feel sick. The adder misses you. The adder barely misses you.
You closely miss the adder.
The adder is severely wounded.
* * * LOW HITPOINT WARNING * * *
You feel sick. The adder bites you but does no damage.
You closely miss the adder.
The adder is severely wounded.
* * * LOW HITPOINT WARNING * * *
You feel sick. The adder bites you.
* * * LOW HITPOINT WARNING * * *
The adder closely misses you.
You hit the adder.
The adder is almost dead.
* * * LOW HITPOINT WARNING * * *
You feel sick. The adder misses you. The adder bites you.
You die...

####........#
#†#.#
#..#######
#...# #..#
###.. #..# #.#
#..# #.#
#####..#######
#.#
!............#
#.#
....?.######.#
#.# ....@.#
#.# #.#
....S.# #.#
#.# ......#
#.# #.#
......# #.#
#.. ......#
#.# ### #.#
#.# #.# #.#


You could see an adder.

Vanquished Creatures
  A jelly (D:4)
  Terence (D:2)
  An iguana (D:4)
  Robin (D:3)
  5 adders
  4 dart slugs
  5 orcs
  11 endoplasms
  2 giant cockroaches (D:1)
  11 hobgoblins
  3 jackals (D:4)
  4 quokkas
  6 ball pythons
  2 bats
  2 frilled lizards
  13 goblins
  8 kobolds
  6 rats
86 creatures vanquished.

Notes
Turn   | Place    | Note
-------+----------+-------------------------------------------
     0 | D:1      | Host24 the Kobold Hunter began the quest for the Orb.
     0 | D:1      | Reached XP level 1. HP: 12/12 MP: 1/1
    51 | D:1      | Reached skill level 5 in Crossbows
   170 | D:1      | Reached XP level 2. HP: 14/18 MP: 2/2
   907 | D:1      | Reached XP level 3. HP: 22/23 MP: 3/3
  2001 | D:2      | Reached XP level 4. HP: 28/28 MP: 4/4
  2195 | D:2      | Reached skill level 6 in Crossbows
  2945 | D:3      | Found a transporter.
  2969 | D:3      | Found a transporter.
  2969 | D:3      | Noticed Ayyar's ghost (amateur GrFi)
  3257 | D:3      | Noticed a phantom
  3265 | D:3      | Noticed Robin
  3273 | D:3      | Killed Robin
  3274 | D:3      | Reached XP level 5. HP: 18/32 MP: 5/5
  3782 | D:3      | Noticed Terence
  4080 | D:2      | Killed Terence
  4081 | D:2      | Reached skill level 7 in Crossbows
  4392 | D:3      | Found a hazy altar of Hepliaklqana.
  4938 | D:4      | Reached XP level 6. HP: 25/37 MP: 6/6
  5031 | D:4      | Reached skill level 8 in Crossbows
  5149 | D:4      | Slain by an adder

Illustrated notes

Levels and vault maps discovered:
D:1:      tarquinn_simple_flora_water_e, layout_loops_cross
D:2:      layout_loops_corners, grunt_decor_fettered
D:3:      layout_basic, nicolae_hepliaklqana_hippocampus,
          gammafunk_ghost_mausoleum, uniq_robin, uniq_terence
D:4:      layout_basic

Skill      XL: |  1  2  3  4  5  6 |
---------------+-------------------+-----
Crossbows      | 5 6 7 8 |  8.0
Fighting       | 3 |  3.0
Dodging        | 3 |  3.0
Stealth        | |  1.3

Action                   |  1- 3 |  4- 6 || total
-------------------------+-------+-------++-------
Melee: Short sword       |   135 |    69 ||   204
       Punch             |     3 |     1 ||     4
       Trident           |       |    63 ||    63
       Hand axe          |       |    13 ||    13
 Fire: Hand crossbow     |     5 |    24 ||    29
 Stab: Sleeping          |    10 |    19 ||    29
Armor: Leather armour    |    20 |    37 ||    57
Dodge: Dodged            |    90 |   121 ||   211
